 Dungeon Crawl Stone Soup version 0.20-a0-927-g1ae2c61 (webtiles) character file.

153 Hasart the Magician (level 5, -1/31 HPs)
             Began as an Octopode Wizard on Mar 29, 2017.
             Slain by an orc
             ... wielding a +0 hand axe
              (5 damage)
             ... on level 4 of the Dungeon.
             The game lasted 00:10:57 (3091 turns).

Hasart the Magician (Octopode Wizard)               Turns: 3091, Time: 00:10:58

Health: -1/31      AC:  1    Str:  6    XL:     5   Next: 35%
Magic:  1/10       EV: 14    Int: 21    God:
Gold:   104        SH:  0    Dex: 11    Spells: 8/11 levels left

rFire    . . .     SeeInvis .   o - +0 short sword
rCold    . . .     Gourm    .   (no shield)
rNeg     . . .     Faith    .   a - +0 hat
rPois    .         Spirit   .   (no amulet)
rElec    .         Reflect  .   (no ring)
rCorr    .         Harm     .   (no ring)
MR       .....                  (no ring)
Stlth    +++.......             (no ring)
Regen    0.1/turn               (no ring)
MPRegen  0.2/turn               (no ring)
                                (no ring)
                                (no ring)

@: no status effects
A: almost no armour, stealthy swim, amphibious, 8 rings, constrict 8, camouflage
1, gelatinous body 1
a: no special abilities


You were on level 4 of the Dungeon.
You were very hungry.

You visited 1 branch of the dungeon, and saw 4 of its levels.

You collected 104 gold pieces.

Inventory:

Hand Weapons
 o - a +0 short sword (weapon)
Armour
 a - a +0 hat (worn)
Jewellery
 g - an uncursed ring of fire
Scrolls
 i - 2 scrolls of remove curse {unknown}
 k - 3 scrolls of blinking {unknown}
 m - 3 scrolls of identify {unknown}
 r - a scroll of fear {unknown}
Potions
 d - 2 potions of brilliance {unknown}
 e - a potion of resistance {unknown}
 f - 2 potions of haste {unknown}
 h - a potion of might {unknown}
 j - 4 potions of curing {unknown}
 l - a potion of agility {unknown}
 n - a potion of flight {unknown}
 p - 2 potions of heal wounds {unknown}
Books
 b - a book of Minor Magic

   Spells                             Type                      Level
   a - Magic Dart                     Conjuration                  1
   b - Blink                          Translocation                2
   c - Call Imp                       Summoning                    2
   d - Slow                           Hexes                        2
   e - Conjure Flame                  Conjuration/Fire             3
   f - Mephitic Cloud                 Conjuration/Poison/Air       3
Comestibles
 c - 2 bread rations
 q - a meat ration


   Skills:
 + Level 3.0 Dodging
 - Level 2.6 Stealth
 + Level 3.5 Spellcasting
 * Level 3.1 Conjurations
 * Level 2.4 Summonings
   Level 1.0 Translocations


You had 8 spell levels left.
You knew the following spells:

 Your Spells              Type           Power        Failure   Level  Hunger
a - Magic Dart            Conj           ###.         4%          1    None
b - Call Imp              Summ           ##......     10%         2    ##.....


Dungeon Overview and Level Annotations

Branches:
Dungeon (4/15)
 Temple: D:4-7

Altars:
Ashenzari
Yredelemnul

Annotations:
D:3 galech's ghost, amateur TrMo


Innate Abilities, Weirdness & Mutations

You cannot wear most types of armour.
You are very stealthy in the water. (Stealth+)
You are amphibious.
You can wear up to eight rings at the same time.
You can use your tentacles to constrict eight enemies at once.
Your skin changes colour to match your surroundings (Stealth+).
Your rubbery body absorbs attacks. (AC +1, EV +1)


Message History

The magic dart hits something.
You hear some strange, mumbled words.
You are confused.
You hear some strange, mumbled words.
Something tries to affect you, but you resist.
You're too confused to move!
Something hits you.
You're too confused to move!
Something barely misses you.
You closely miss something. Something hits you.
The orc hits you with a hand axe.
You bump into the rock wall.
You feel less confused. Something hits you.
You closely miss something. The orc barely misses you. Something hits you.
You hear some strange, mumbled words.
A magic dart appears from out of thin air!
The magic dart hits you!
* * * LOW HITPOINT WARNING * * *
You barely miss something. You squeeze something.
The orc hits you with a hand axe.
You die...

#.# #o #.## # #{ #..# .
#. #..#?# #. #..#.####
#. ##........ #<
######.........
#.##....{@.# ....
######.$#.#####o#.....
#.......†.............%
#........#..<.....?....
#........#.............
#........#..o..........
#........#........#####
#...................
#........#........###


You could see an orc.

Vanquished Creatures
  An orc priest (D:4)
  A worker ant (D:4)
  2 adders (D:2)
  4 dart slugs (D:2)
  6 bats
  A giant cockroach (D:2)
  5 goblins
  5 hobgoblins
  2 quokkas
  4 frilled lizards
  6 kobolds
  10 rats
47 creatures vanquished.

Vanquished Creatures (collateral kills)
  4 gnolls (D:2)
  4 orcs (D:3)
  A quokka (D:2)
  A frilled lizard (D:3)
10 creatures vanquished.

Grand Total: 57 creatures vanquished

Notes
Turn   | Place    | Note
-------+----------+-------------------------------------------
     0 | D:1      | Hasart the Octopode Wizard began the quest for the Orb.
     0 | D:1      | Reached XP level 1. HP: 11/11 MP: 4/4
     9 | D:1      | Noticed an ogre
   335 | D:1      | Reached XP level 2. HP: 12/17 MP: 0/6
  1008 | D:2      | Learned a level 2 spell: Call Imp
  1278 | D:2      | Found a shattered altar of Ashenzari.
  1304 | D:2      | Reached XP level 3. HP: 17/21 MP: 4/7
  1780 | D:2      | Reached XP level 4. HP: 25/27 MP: 1/8
  2724 | D:3      | Found a basalt altar of Yredelemnul.
  2963 | D:3      | Noticed galech's ghost (amateur TrMo)
  3043 | D:4      | Reached XP level 5. HP: 23/31 MP: 4/10
  3091 | D:4      | Slain by an orc

Vault maps used:
D:1:      evilmike_arrival_come_back, solitary_fountain
D:2:      first_bread, nicolae_ashenzari_panopticon
D:3:      portal_sewer_entry_e, yredelemnul_altar_generic
D:4:      cheibrodos_quashed, serial_shops, kennysheep_mini, minmay_rat_hole

Skill      XL: |  1  2  3  4  5 |
---------------+----------------+-----
Conjurations   | 2 3 |  3.1
Summonings     | 2 |  2.4
Dodging        | 3 |  3.0
Stealth        | |  2.6
Spellcasting   | |  3.5
Translocations | |  1.0

Action                   |  1- 3 |  4- 6 || total
-------------------------+-------+-------++-------
Melee: Unarmed           |     2 |       ||     2
       Constrict         |     9 |     6 ||    15
       Club              |     8 |       ||     8
       Short sword       |    21 |    27 ||    48
       Tentacles         |     1 |     1 ||     2
 Cast: Magic Dart        |    40 |    45 ||    85
       Call Imp          |    10 |     6 ||    16
 Stab: Sleeping          |     4 |     2 ||     6
  Eat: Chunk             |     2 |     4 ||     6
Armor: Skin              |     2 |     1 ||     3
Dodge: Dodged            |    28 |    21 ||    49
